AoeStats
← 297539664

Lombardia

509658607Analyzed
4v4 RM · 4d ago on Sep 27, 2026· 23m 9s· 8 players
Game mode
Random Map
Map size
Large (8 player)
Population
200
Speed
Normal
Resources
Standard
Victory
Conquest
Starting age
Dark Age
Ending age
Imperial Age
RankedLock teamsTeams togetherTeam positionsShared explorationLock speedFull tech treeHidden civsTurbo modeCheats
Victory
Defeat
🇺🇸 Malay · United States
1504
+13
🇺🇸 Magyars · United States
1438
+16
🇺🇸 Hindustanis · United States
1437
+16
🇺🇸 Saracens · United States
1375
+18
🇩🇪 Mongols · Germany
1461
-17
🇦🇷 Saxons · Argentina
1435
-16
🇹🇼 Khitans · Taiwan
1424
-15
🇨🇳 Franks · China
1421
-15
Froschwetter
6:37 Loom
10:00 Feudal Age
11:03 Feudal Age
15:10 Fletching
18:09 Castle Age
297539664
7:38 Loom
11:57 Feudal Age
15:47 Castle Age
14:47 Double-Bit Axe
16:25 Scale Barding Armor
19:57 Bow Saw
20:24 Husbandry
冢中枯骨
7:24 Loom
10:36 Feudal Age
12:22 Fletching
12:45 Forging
Shab
9:52 Feudal Age
10:27 Double-Bit Axe
15:12 Castle Age
12:57 Horse Collar
16:04 Loom
romulus.nashoba
10:01 Feudal Age
9:26 Man-at-Arms
9:54 Double-Bit Axe
12:14 Arson
17:32 Forging
22:28 Castle Age
21:27 Long Swordsman
22:08 Squires
22:26 Loom
23:17 Wheelbarrow
TheTaggerung
6:51 Loom
9:31 Feudal Age
10:35 Double-Bit Axe
12:12 Fletching
13:12 Padded Archer Armor
18:33 Gold Mining
24:43 Castle Age
WestPlatypus43
1:32 Loom
10:37 Feudal Age
11:16 Double-Bit Axe
12:45 Horse Collar
13:18 Forging
21:26 Scale Barding Armor
22:56 Bloodlines
FreeWilly
6:52 Loom
9:53 Feudal Age
10:24 Double-Bit Axe
12:17 Horse Collar
13:43 Scale Barding Armor
19:43 Bloodlines
23:51 Castle Age
Connection lost

Rejoining the realm…

Still unreachable

The connection could not be restored.

Session expired

The server has moved on; the page needs a fresh start.